 Dungeon Crawl Stone Soup version 0.20-a0-738-gb057e68 (webtiles) character file.

44243 graki42 the Eclecticist (level 13, -20/66 HPs)
             Began as a Deep Elf Fire Elementalist on Feb 23, 2017.
             Was a High Priest of Vehumet.
             Demolished by a komodo dragon (62 damage)
             ... on level 6 of the Lair of Beasts.
             The game lasted 01:36:56 (19866 turns).

graki42 the Eclecticist (DEFE)                     Turns: 19866, Time: 01:36:56

Health: -20/66     AC:  8    Str:  8    XL:     13   Next: 95%
Magic:  6/43       EV: 14    Int: 25    God:    Vehumet [*****.]
Gold:   1666       SH:  0    Dex: 10    Spells: 18/43 levels left

rFire    + . .     SeeInvis .   I - +8 war axe "Toriv" {chop, +Rage MR+ Int+2}
rCold    . . .     Gourm    .   b - +2 robe {rF+}
rNeg     . . .     Faith    .   j - +3 buckler
rPois    +         Spirit   .   f - +1 helmet of Lethargy {rElec MR+ MP+9 Dex-5}
rElec    +         Reflect  +   y - +0 cloak
rCorr    .         Harm     .   z - +0 pair of gloves
MR       ++++.                  (no boots)
Stlth    +++.......             k - +4 amulet of reflection
Regen    0.3/turn               D - ring of protection from magic
MPRegen  0.3/turn               T - ring of poison resistance

@: sleeping, very slightly contaminated, hasted
A: no striking features
a: Renounce Religion, Evoke Berserk Rage


You were on level 6 of the Lair of Beasts.
You worshipped Vehumet.
Vehumet was extremely pleased with you.
You were very hungry.

You visited 3 branches of the dungeon, and saw 18 of its levels.

You collected 1666 gold pieces.

Inventory:

Hand Weapons
 I - the +8 war axe "Toriv" (weapon) {chop, +Rage MR+ Int+2}
   (You found it on level 5 of the Lair of Beasts)

   It inflicts extra damage upon your enemies.
   It affects your intelligence (+2).
   It affects your resistance to hostile enchantments.
   It lets you go berserk.
Armour
 b - a +2 robe of fire resistance (worn)
 f - the +1 helmet of Lethargy (worn) {rElec MR+ MP+9 Dex-5}
   (You found it on level 10 of the Dungeon)

   It affects your dexterity (-5).
   It insulates you from electricity.
   It affects your resistance to hostile enchantments.
   It affects your magic capacity (+9).
 j - a +3 buckler (worn)
 y - a +0 cloak (worn)
 z - a +0 pair of gloves (worn)
 O - a +1 leather armour of cold resistance
Jewellery
 k - a +4 amulet of reflection (around neck)
 D - a ring of protection from magic (right hand)
 S - an uncursed ring of positive energy
 T - a ring of poison resistance (left hand)
Wands
 n - a wand of disintegration (14/24)
 w - a wand of iceblast (3/15)
Scrolls
 d - 4 scrolls of fog
 g - a scroll of blinking {unknown}
 h - 5 scrolls of remove curse
 m - a scroll of enchant armour
 q - a scroll of fear {unknown}
 r - 2 scrolls of amnesia {unknown}
 s - 5 scrolls of teleportation
 u - a scroll of random uselessness {unknown}
 A - 2 scrolls of identify
 B - a scroll of recharging {unknown}
 C - 4 scrolls of enchant weapon {unknown}
 H - a scroll of torment {unknown}
 K - 2 scrolls of magic mapping {unknown}
 L - a scroll of summoning {unknown}
 P - a scroll of acquirement {unknown}
Potions
 a - 2 potions of brilliance
 e - 2 potions of agility {unknown}
 i - 6 potions of curing
 p - 5 potions of heal wounds
 t - 4 potions of haste
 v - 4 potions of magic {unknown}
 x - 4 potions of flight {unknown}
 E - a potion of mutation {unknown}
 J - a potion of degeneration {unknown}
 Q - 2 potions of cancellation {unknown}
Comestibles
 c - 11 bread rations
 o - 2 fruits


   Skills:
 + Level 2.0 Fighting
   Level 2.4 Short Blades
   Level 0.5(1.4) Long Blades
 + Level 2.9 Armour
 + Level 5.4 Dodging
 + Level 5.3 Stealth
 + Level 5.2 Shields
 + Level 15.9 Spellcasting
 + Level 11.7 Conjurations
 + Level 5.2 Hexes
 + Level 13.2 Fire Magic
 * Level 8.9 Earth Magic


You had 18 spell levels left.
You knew the following spells:

 Your Spells              Type           Power        Failure   Level  Hunger
a - Flame Tongue          Conj/Fire      #####        1%          1    None
b - Conjure Flame         Conj/Fire      ######..     1%          3    None
c - Inner Flame           Hex/Fire       ######..     1%          3    None
d - Sticky Flame          Conj/Fire      ######..     1%          4    None
e - Fireball              Conj/Fire      ######....   1%          5    #......
f - Iron Shot             Conj/Erth      ######....   2%          6    ####...
g - Ignite Poison         Fire/Tmut/Pois #####...     1%          3    None


Dungeon Overview and Level Annotations

Branches:
Dungeon (11/15)            Temple (1/1) D:4            Lair (6/6) D:11
 Shoals (0/4) Lair:3        Snake (0/4) Lair:2          Orc (0/2) D:11
  Slime: Lair:5-6

Altars:
Ashenzari
Cheibriados
Dithmenos
Elyvilon
Fedhas
Gozag
Hepliaklqana
Kikubaaqudgha
Makhleb
Nemelex Xobeh
Okawaru
Qazlal
Ru
Sif Muna
Trog
Uskayaw
Vehumet
Wu Jian
Xom
Yredelemnul
Zin
The Shining One
Beogh

Shops:
D:11 =

Portals:
Labyrinth: Lair:6


Message History

The fireball engulfs the komodo dragon.
The komodo dragon is moderately wounded.
The fireball engulfs the water moccasin.
The water moccasin is severely wounded.
A water moccasin comes into view.
The hippogriff bites the fungus!
The hippogriff pecks the fungus.
The hippogriff claws the fungus!
The dream sheep bites the fungus.
Found a brown potion.
Something bites the fungus!
The crocodile bites the fungus!
Found 13 bolts.
Found an amulet of guardian spirit and a wand of acid (?/15).
The yak bellows!
The dream sheep shake their wool and sparkle.
You feel drowsy...
You fall asleep.
The water moccasin bites the bush but does no damage.
The spiny frog stings the plant!
The dream sheep bites the plant.
The komodo dragon bites you!!!
Ouch! That really hurt!
You die...

##### .#....# ####
..P./..### #..P#
...(......##....#
#P..........#....##
#..!..............#
................"..
..........S@..##.
...$......PlP......
....!.....SYFP.<........##%
...../.....Ht.P........#..#
........#....t..P...l.....#
.......P..H.YY...........P#
........t..†.............##
...........YPP............##
............PP..Y..∩.S.P.#.#


You could see a komodo dragon, 2 hippogriffs, a yak, a spiny frog, 2 water
moccasins, 3 crocodiles and 3 dream sheep.

Vanquished Creatures
  The ghost of buskinjo the Brawler, a journeyman TrFi of Wu Jian (Lair:4)
  Josephine (Lair:4)
  4 hydras
  2 catoblepae
  4 two-headed ogres
  2 death yaks (Lair:5)
  Urug (Lair:4)
  An unseen horror (D:11)
  3 swamp dragons (Lair:4)
  Pikel (D:4)
  An oklob plant (Lair:2)
  A cyclops (D:11)
  2 black mambas
  2 gargoyles
  2 torpor snails
  6 spiny frogs
  3 centaur skeletons
  A rime drake (Lair:6)
  3 komodo dragons
  A hornet (D:10)
  4 trolls
  The ghost of nubinia the Covert, a novice SpAs of Ashenzari (D:6)
  2 polar bears (Lair:3)
  3 slime creatures (Lair:4)
  5 dream sheep
  17 blink frogs
  Prince Ribbit (D:8)
  2 hippogriffs
  3 wyverns
  4 hogs (D:10)
  7 wraiths
  A human (D:10)
  40 yaks
  2 hungry ghosts (D:10)
  3 basilisks
  A vampire mosquito (Lair:4)
  8 nagas (Lair:2)
  2 swamp worms (Lair:4)
  6 water moccasins
  6 porcupines
  9 orc warriors
  A sky beast (D:6)
  An ice beast (D:7)
  4 black bears
  8 ogres
  3 phantoms
  14 wolves
  8 centaurs
  8 crocodiles
  18 bullfrogs
  A wyvern skeleton (D:10)
  A scorpion (D:4)
  A killer bee (D:10)
  9 wights
  4 electric eels
  A howler monkey (D:4)
  A bullfrog zombie (D:11)
  A centaur zombie (D:11)
  6 crimson imps
  2 quasits (D:10)
  A hound (D:6)
  10 orc priests
  Crazy Yiuf (D:7)
  16 orc wizards
  3 bullfrog skeletons
  5 worker ants
  A hound zombie (D:11)
  A hound skeleton (D:4)
  A howler monkey zombie (D:10)
  A worker ant zombie (D:9)
  6 gnolls
  8 adders
  2 shadow imps
  An ooze (D:2)
  2 worms
  3 dart slugs
  7 leopard geckos
  60 orcs
  A ball python (D:3)
  5 giant cockroaches
  8 goblins
  8 hobgoblins
  10 jackals
  5 quokkas
  3 bats
  3 frilled lizards
  A jackal skeleton (D:7)
  7 kobolds
  A quokka skeleton (D:4)
  8 rats
  4 plants
454 creatures vanquished.

Vanquished Creatures (others)
  A slave (D:4)
  A centaur (D:11)
  A leopard gecko (D:4)
  A kobold (D:3)
  5 fungi
  7 plants (Lair:4)
16 creatures vanquished.

Grand Total: 470 creatures vanquished

Notes
Turn   | Place    | Note
-------+----------+-------------------------------------------
     0 | D:1      | graki42 the Deep Elf Fire Elementalist began the quest for the Orb.
     0 | D:1      | Reached XP level 1. HP: 10/10 MP: 6/6
   268 | D:1      | Reached XP level 2. HP: 15/15 MP: 1/8
   871 | D:2      | Reached XP level 3. HP: 19/19 MP: 9/9
  1057 | D:2      | Found a faded altar of an unknown god.
  1098 | D:2      | Reached skill level 1 in Shields
  1098 | D:2      | Reached XP level 4. HP: 24/24 MP: 7/11
  1110 | D:2      | Learned a level 3 spell: Conjure Flame
  1114 | D:2      | Learned a level 3 spell: Inner Flame
  1166 | D:2      | Found a stormy altar of Qazlal.
  1612 | D:3      | You fall through a shaft!
  1612 | D:4      | Found a staircase to the Ecumenical Temple.
  1617 | Temple   | Entered the Ecumenical Temple
  1822 | D:4      | Reached skill level 4 in Spellcasting
  1822 | D:4      | Reached XP level 5. HP: 28/28 MP: 5/13
  1890 | D:4      | Noticed an ogre
  1894 | D:4      | Noticed Pikel
  1895 | D:4      | Noticed a slave
  1899 | D:4      | Noticed a slave
  1900 | D:4      | Noticed a slave
  1901 | D:4      | Noticed a slave
  1909 | D:4      | Killed Pikel
  1909 | D:4      | Reached skill level 5 in Spellcasting
  1909 | D:4      | Reached skill level 5 in Fire Magic
  1909 | D:4      | Reached XP level 6. HP: 33/33 MP: 1/16
  1909 | D:4      | Reached XP level 7. HP: 37/37 MP: 1/17
  2561 | D:3      | Learned a level 4 spell: Sticky Flame
  2567 | D:3      | Learned a level 5 spell: Fireball
  2596 | D:3      | Reached skill level 6 in Spellcasting
  2762 | D:3      | Found a radiant altar of Vehumet.
  2778 | D:3      | Found a bloodstained altar of Trog.
  2787 | D:3      | Became a worshipper of Vehumet
  2802 | D:3      | Found a hazy altar of Hepliaklqana.
  2803 | D:3      | Found a shadowy altar of Dithmenos.
  2806 | D:3      | Found a basalt altar of Yredelemnul.
  2807 | D:3      | Found a blossoming altar of Fedhas.
  3287 | D:5      | Entered Level 5 of the Dungeon
  3927 | D:5      | Reached skill level 1 in Hexes
  4169 | D:6      | Reached XP level 8. HP: 41/42 MP: 20/20
  4183 | D:6      | Reached skill level 7 in Spellcasting
  4467 | D:6      | Found a burning altar of Makhleb.
  4539 | D:6      | Noticed nubinia's ghost (novice SpAs)
  4730 | D:6      | Killed nubinia's ghost
  4730 | D:6      | Reached skill level 1 in Fighting
  4730 | D:6      | Reached skill level 1 in Short Blades
  4783 | D:6      | Reached skill level 8 in Spellcasting
  4783 | D:6      | Reached skill level 5 in Conjurations
  4809 | D:6      | Reached * piety under Vehumet
  4809 | D:6      | Offered knowledge of Sting by Vehumet.
  5079 | D:6      | Reached XP level 9. HP: 47/47 MP: 23/23
  5350 | D:6      | Reached skill level 9 in Spellcasting
  5897 | D:7      | Found a shattered altar of Ashenzari.
  6409 | D:7      | Found a runed door.
  6413 | D:7      | Noticed Crazy Yiuf
  6417 | D:7      | Killed Crazy Yiuf
  6417 | D:7      | Offered knowledge of Throw Frost by Vehumet.
  6496 | D:7      | Reached ** piety under Vehumet
  6599 | D:8      | Noticed Prince Ribbit
  6604 | D:8      | Killed Prince Ribbit
  6609 | D:8      | Found an opulent altar of Gozag.
  6623 | D:8      | Noticed a two-headed ogre
  6636 | D:8      | Killed a two-headed ogre
  6636 | D:8      | Reached skill level 10 in Spellcasting
  6793 | D:8      | Reached XP level 10. HP: 50/52 MP: 12/26
  7008 | D:8      | Offered knowledge of Ignite Poison by Vehumet.
  7013 | D:8      | Learned a level 3 spell: Ignite Poison
  7039 | D:8      | Got a distressingly furry leather armour
  7050 | D:8      | Identified the +3 leather armour of Free Will {Str+4} (You took it off an orc wizard on level 8 of the Dungeon)
  7242 | D:8      | Noticed a two-headed ogre
  7245 | D:8      | Killed a two-headed ogre
  7388 | D:8      | Found a sparkling altar of Nemelex Xobeh.
  7587 | D:9      | Found a sacrificial altar of Ru.
  7602 | D:9      | Reached *** piety under Vehumet
  7602 | D:9      | Reached skill level 11 in Spellcasting
  7703 | D:9      | Noticed a two-headed ogre
  7707 | D:9      | Killed a two-headed ogre
  7707 | D:9      | Reached skill level 1 in Armour
  7916 | D:9      | Offered knowledge of Iskenderun's Mystic Blast by Vehumet.
  7994 | D:9      | Found a deep blue altar of Sif Muna.
  8016 | D:9      | Noticed a two-headed ogre
  8019 | D:9      | Killed a two-headed ogre
  8019 | D:9      | Reached skill level 5 in Stealth
  8178 | D:9      | Reached skill level 12 in Spellcasting
  8383 | D:10     | Entered Level 10 of the Dungeon
  8389 | D:10     | Reached skill level 10 in Fire Magic
  8537 | D:10     | Reached XP level 11. HP: 45/57 MP: 17/29
  8779 | D:10     | Reached **** piety under Vehumet
  8920 | D:10     | Got a fine helmet
  8926 | D:10     | Identified the +1 helmet of Lethargy {rElec MR+ MP+9 Dex-5} (You found it on level 10 of the Dungeon)
  8965 | D:10     | Offered knowledge of Throw Icicle by Vehumet.
  9732 | D:11     | Identified Roidoeto's Compendium of Ensnaring Clay
  9797 | D:11     | Found Pumiyqux's Jewellery Shop.
  9849 | D:10     | Noticed a two-headed ogre
 10115 | D:11     | Reached ***** piety under Vehumet
 10130 | D:11     | Offered knowledge of Iron Shot by Vehumet.
 10265 | D:11     | Learned a level 6 spell: Iron Shot
 10692 | D:11     | Reached skill level 1 in Earth Magic
 10697 | D:11     | Reached skill level 13 in Spellcasting
 10759 | D:11     | Found a staircase to the Lair.
 10828 | D:11     | Noticed a six-headed hydra
 10832 | D:11     | Killed a six-headed hydra
 10921 | D:11     | Found a staircase to the Orcish Mines.
 11015 | D:11     | Noticed an unseen horror
 11017 | D:11     | Killed an unseen horror
 11141 | D:11     | Found a roughly hewn altar of Beogh.
 11515 | Lair:1   | Entered Level 1 of the Lair of Beasts
 12199 | Lair:1   | Reached skill level 5 in Dodging
 12211 | Lair:1   | Reached XP level 12. HP: 61/62 MP: 28/31
 12852 | Lair:2   | Found a staircase to the Snake Pit.
 13689 | Lair:2   | Reached skill level 14 in Spellcasting
 13833 | Lair:3   | Reached skill level 5 in Hexes
 13849 | Lair:3   | Reached skill level 10 in Conjurations
 13908 | Lair:3   | Offered knowledge of Olgreb's Toxic Radiance by Vehumet.
 14220 | Lair:3   | Got an ichor-stained rapier
 14221 | Lair:3   | Identified the +0 rapier "Biamp" {holy, rElec rN+ Str-4} (You found it on level 3 of the Lair of Beasts)
 14253 | Lair:3   | Noticed a four-headed hydra
 14257 | Lair:3   | Killed a four-headed hydra
 14257 | Lair:3   | Reached skill level 5 in Earth Magic
 14363 | Lair:3   | Reached skill level 5 in Shields
 14523 | Lair:3   | Found a staircase to the Shoals.
 15586 | Lair:4   | Reached XP level 13. HP: 66/66 MP: 12/33
 15745 | Lair:4   | Noticed Josephine
 15749 | Lair:4   | Killed Josephine
 16259 | Lair:4   | Reached skill level 15 in Spellcasting
 17020 | Lair:4   | Noticed Urug
 17024 | Lair:4   | Killed Urug
 17320 | Lair:4   | Noticed buskinjo's ghost (journeyman TrFi)
 17345 | Lair:5   | Got a twisted war axe
 17346 | Lair:5   | Identified the +8 war axe "Toriv" {chop, +Rage MR+ Int+2} (You found it on level 5 of the Lair of Beasts)
 17542 | Lair:4   | Killed buskinjo's ghost
 17964 | Lair:4   | Offered knowledge of Conjure Ball Lightning by Vehumet.
 19826 | Lair:6   | Entered Level 6 of the Lair of Beasts
 19826 | Lair:6   | Found a labyrinth entrance.
 19866 | Lair:6   | Demolished by a komodo dragon

Vault maps used:
D:1:      minmay_arrival_wavy_path, minmay_tromino_i2
D:2:      kennysheep_big_flooded_room, nicolae_qazlal_general_emergency,
          chequers_ecumenical_altar_simple, serial_park_tiny_pond,
          item_on_display_a
D:3:      minitemple
D:4:      minmay_temple_entry_trees, first_bread, minmay_misc_feat_four_crosses,
          wad_floor_pattern_untrapped, uniq_pikel
D:6:      kennysheep_little_box
D:7:      cheibrodos_ashenzari_chains, nicolae_benzene_ring,
          uniq_crazy_yiuf_cottage
D:8:      nemelex_altar_shiori, lemuel_round_altar, uniq_prince_ribbit1
D:9:      old_standard_altar, basic_altar
D:10:     cheibrodos_helix_gallery, grunt_livestock, kennysheep_generic_room_13
D:11:     lair_entry_dummy, minmay_orc_entry_temple_small, serial_shops, shop
Temple:   dpeg_chambers_temple
Lair:1:   columned_hall_lemuel
Lair:2:   minmay_snake_entry_guardpost_medium, grunt_megastairs_5,
          minmay_lair_oklob_chamber, infiniplex_staircase_pool_2
Lair:3:   shoals_dummy_entry, cheibrodos_lair_lostbears
Lair:4:   onia_ninara_swampy_vault, uniq_urug, uniq_josephine
Lair:5:   grunt_megastairs_4, serial_bayou_shore_b, infiniplex_staircase_pool
Lair:6:   cheibrodos_lair_end_hotspot, dpeg_slime_entry_corner,
          lab_entry_generic, eino_house_with_fridge

Skill      XL: |  1  2  3  4  5  6  7  8  9 10 11 12 13 |
---------------+----------------------------------------+-----
Stealth        | 3 4 5 |  5.3
Fire Magic     | 4 5 7 8 10 11 12 13 | 13.2
Shields        | 1 2 3 4 5 |  5.2
Conjurations   | 2 3 4 5 7 8 9 10 11 | 11.7
Spellcasting   | 4 5 6 8 10 12 13 14 15 | 15.9
Hexes          | 1 2 3 4 5 |  5.2
Fighting       | 1 2 |  2.0
Short Blades   | 1 2 |  2.4
Dodging        | 3 4 5 |  5.4
Armour         | 1 2 |  2.9
Earth Magic    | 3 6 8 |  8.9
Long Blades    | |  0.5

Action                   |  1- 3 |  4- 6 |  7- 9 | 10-12 | 13-15 || total
-------------------------+-------+-------+-------+-------+-------++-------
Melee: Dagger            |     5 |     5 |    79 |   137 |       ||   226
       Long sword        |       |       |       |     3 |       ||     3
       War axe           |       |       |       |       |     2 ||     2
 Cast: Flame Tongue      |    54 |    32 |   182 |   230 |    17 ||   515
       Conjure Flame     |       |     3 |    15 |    10 |     1 ||    29
       Inner Flame       |       |     1 |    17 |    26 |     5 ||    49
       Sticky Flame      |       |       |    10 |    54 |    17 ||    81
       Fireball          |       |       |     3 |   126 |    66 ||   195
       Iron Shot         |       |       |       |     3 |    51 ||    54
       Ignite Poison     |       |       |       |     1 |       ||     1
Evoke: Wand              |       |       |     1 |       |       ||     1
  Use: Scroll            |       |       |     4 |     8 |    10 ||    22
       Potion            |       |       |       |     1 |     3 ||     4
 Stab: Sleeping          |     4 |       |     1 |     5 |       ||    10
       Petrified         |       |       |       |       |     1 ||     1
  Eat: Chunk             |       |     3 |    17 |    40 |    13 ||    73
       Fruit             |       |       |       |       |     5 ||     5
       Bread ration      |       |       |       |       |     1 ||     1
       Royal jelly       |       |       |       |       |     1 ||     1
Armor: Robe              |     5 |     2 |    12 |       |     8 ||    27
       Leather armour    |       |       |       |    43 |     4 ||    47
Dodge: Dodged            |     6 |     8 |    44 |    73 |    34 ||   165
Block: Buckler           |       |     1 |    59 |    76 |    31 ||   167
       Reflection        |       |       |     6 |     8 |     1 ||    15
       Rpst.: Long sword |       |       |       |     4 |     2 ||     6
